 Dungeon Crawl Stone Soup version 0.17.1-3-g152610e (webtiles) character file.

35 Laakeri the Unweaver (level 3, 0/29 HPs)
             Began as a Demonspawn Abyssal Knight on Apr 26, 2016.
             Was a Follower of Lugonu.
             Succumbed to an adder's poison
             ... on level 2 of the Dungeon.
             The game lasted 00:09:55 (1631 turns).

Laakeri the Unweaver (Demonspawn Abyssal Knight)    Turns: 1631, Time: 00:09:55

Health: 0/29       AC:  5    Str: 13    XL:     3   Next: 16%
Magic:  5/5        EV: 11    Int: 13    God:    Lugonu [*.....]
Gold:   56         SH:  0    Dex: 12    Spells: 0 memorised, 2 levels left

rFire  . . .     SeeInvis .     a - +1 falchion
rCold  . . .     Clarity  .     b - +1 leather armour
rNeg   . . .     SustAt   .     (no shield)
rPois  .         Gourm    .     (no helmet)
rElec  .         Spirit   .     (no cloak)
rCorr  .         Warding  .     l - +0 pair of gloves
rMut   .         Stasis   .     (no boots)
MR     .....                    (no amulet)
Stlth  +.........               (no ring)
                                (no ring)

@: lethally poisoned (0 -> -3), not resistant to hostile enchantments, very
unstealthy
A: claws 2
a: Depart the Abyss, Renounce Religion


You were on level 2 of the Dungeon.
You worshipped Lugonu.
Lugonu was aware of your devotion.
You were not hungry.

You visited 1 branch of the dungeon, and saw 2 of its levels.
You visited the Abyss 1 time.

You collected 56 gold pieces.

Inventory:

Hand Weapons
 a - a +1 falchion (weapon)
 i - a +0 long sword
Armour
 b - a +1 leather armour (worn)
 k - a cursed +0 ring mail
 l - a +0 pair of gloves (worn)
Scrolls
 m - a scroll of identify
Potions
 d - a potion of poison {unknown}
 e - a potion of flight {unknown}
 f - a potion of heal wounds {unknown}
 g - a potion of resistance {unknown}
 h - a potion of curing {unknown}
 j - a potion of degeneration {unknown}
Comestibles
 c - 2 bread rations


   Skills:
 - Level 3.0 Fighting
 * Level 2.5 Long Blades
 + Level 2.1 Armour
 - Level 0.8 Dodging
 + Level 3.4 Invocations


You had 2 spell levels left.
You didn't know any spells.

Dungeon Overview and Level Annotations

Branches:
Dungeon (2/15)

Altars:
Ru
The Shining One


Innate Abilities, Weirdness & Mutations

You have very sharp fingernails.


Message History

* * * LOW HITPOINT WARNING * * *
You completely miss the bat.
The bat is heavily wounded.
You feel sick. The bat hits you but does no damage.
The bat hits you but does no damage. The rat barely misses you.
The kobold hits you but does no damage.
You closely miss the bat.
The bat is heavily wounded.
The bat hits you.
* * * LOW HITPOINT WARNING * * *
The bat barely misses you. The rat bites you but does no damage.
The kobold hits you with a short sword.
* * * LOW HITPOINT WARNING * * *
The bat barely misses you.
You hit the bat.
You kill the bat!
Lugonu accepts your kill. The rat bites you but does no damage.
The kobold hits you with a short sword.
* * * LOW HITPOINT WARNING * * *
You die...

###..#.#.#...#.#.### *,*>,,,,,,
..........._.......# *,,,,,****
.....#.#.#...#.#.#.# ***,,,*
.....#.#.##.##.#.#.########.##***
...)##.#.......#.#......(.....,,,
..).<#.####.####.####..####..#*,,
.....#..,,...,,..#.....#....>**,,
.....######.######r......#,,,,,,,
.##..#..........@.KJ...#.....,,,,
.......#*####..<#####..#..)...,,,
.....### #...,,,,..........,,,
###.## #...***###.>......,,, #.#
#...* #.##.....,,, #.# #...*
#K#*.#...,,, #.# *#...**
*.#*,.,.**,* ###.#
***.###,*****.#*,*#,**,* ....#
*,,,* *,,,,**,**,**,**,*


You could see an ooze, a kobold and a rat.

Vanquished Creatures
  An adder (D:2)
  4 hobgoblins (D:1)
  2 kobolds
  5 bats
  2 giant cockroaches (D:1)
  2 giant newts (D:1)
  4 goblins
  4 rats (D:1)
24 creatures vanquished.

Notes
Turn   | Place    | Note
--------------------------------------------------------------
     0 | Abyss:1  | Laakeri the Demonspawn Abyssal Knight began the quest for the Orb.
     0 | Abyss:1  | Reached XP level 1. HP: 18/18 MP: 2/2
     3 | Abyss:1  | Found a corrupted altar of Lugonu.
   149 | Abyss:1  | Noticed a starcursed mass
   149 | D:1      | Escaped the Abyss
   694 | D:1      | Gained mutation: You have sharp fingernails. [demonic ancestry]
   694 | D:1      | Reached XP level 2. HP: 24/24 MP: 4/4
  1033 | D:1      | Reached * piety under Lugonu
  1474 | D:2      | Found a sacrificial altar of Ru.
  1533 | D:2      | Found a glowing golden altar of the Shining One.
  1626 | D:2      | Gained mutation: You have very sharp fingernails. [demonic ancestry]
  1626 | D:2      | Reached XP level 3. HP: 7/29 MP: 5/5
  1630 | D:2      | HP: 1/29 [kobold/short sword (2)]
  1631 | D:2      | Succumbed to an adder's poison

Action                   || total
-------------------------++-------
Melee: Falchion          ||    90
Invok: Depart the Abyss  ||     1
  Use: Scroll            ||     6
  Eat: Meat ration       ||     1
